General information
- name: BNet
- type: Ladder team game (AT/RT)
- host: Battle.net
- saver: orking3
map: Mur'gulOasis
- players: 8
- length: 35:56
- speed: Fast
- version: 1.26 W3XP
- replay type: Public
» download(210 KB)
Players
team 1 (winner)

»
i-am-here-now (
yellow | 20 APM | 730 actions | 35:53)
5 Shadow Hunter
3 Healing Wave
2 Hex
1 Dark Ranger
1 Black Arrow
2 Priestess of the Moon
1 Starfall
1 Searing Arrows
» actions
| Build / train | 69 | |
| Enter build submenu | 19 | |
| Enter hero's abilities submenu | 8 | |
| Right click | 299 | |
| Select / deselect | 276 | |
| Use ability | 59 | |
730 total
» units
| Peon | 10 | |
| Troll Headhunter/Berserker | 12 | |
| Raider | 6 | |
| Shaman | 4 | |
| Troll Witch Doctor | 1 | |
| Troll Batrider | 5 | |
| Wind Rider | 3 | |
| Demolisher | 1 | |
42 total
» upgrades
| Armor | 3 | |
| Shaman Training | 2 | |
| Ensnare | 1 | |
| Melee Weapons | 1 | |
| Witch Doctor Training | 1 | |
| Liquid Fire | 1 | |
| Berserker Upgrade | 1 | |
| Ranged Weapons | 3 | |
| Envenomed Spears | 1 | |
14 total
» buildings
| Altar of Storms | 1 | |
| Orc Burrow | 9 | |
| Barracks | 2 | |
| War Mill | 1 | |
| Stronghold | 1 | |
| Voodoo Lounge | 1 | |
| Fortress | 1 | |
| Spirit Lodge | 1 | |
| Beastiary | 2 | |
| Great Hall | 1 | |
20 total
» build order
00:32 Altar of Storms
00:47 Orc Burrow
01:04 Barracks
01:11 Barracks
01:21 War Mill
02:12 Orc Burrow
02:26 Orc Burrow
03:15 Stronghold
04:50 Voodoo Lounge
05:39 Fortress
05:45 Spirit Lodge
06:39 Beastiary
07:28 Beastiary
09:11 Orc Burrow
10:05 Orc Burrow
11:04 Orc Burrow
11:08 Orc Burrow
12:13 Orc Burrow
12:16 Orc Burrow
24:44 Great Hall
» items
orking3 (
orange | 83 APM | 2992 actions | 35:56)
9 Far Seer
3 Feral Spirit
3 Chain Lighting
1 Earth Quake
2 Far Sight
» actions
| Assign group hotkey | 103 | |
| Basic commands | 227 | |
| Build / train | 99 | |
| ESC pressed | 4 | |
| Enter build submenu | 55 | |
| Enter hero's abilities submenu | 10 | |
| Give item / drop item | 3 | |
| Remove unit from queue | 3 | |
| Right click | 1157 | |
| Select / deselect | 299 | |
| Select group hotkey | 840 | |
| Use ability | 192 | |
2992 total
» units
| Peon | 14 | |
| Grunt | 8 | |
| Troll Headhunter/Berserker | 2 | |
| Wind Rider | 14 | |
38 total
» upgrades
| Armor | 3 | |
| Berserker Strength | 1 | |
| Ranged Weapons | 3 | |
| Reinforced Defenses | 1 | |
| Envenomed Spears | 1 | |
| Spiked Barricades | 3 | |
12 total
» buildings
| Orc Burrow | 6 | |
| Altar of Storms | 1 | |
| Barracks | 1 | |
| Voodoo Lounge | 1 | |
| War Mill | 2 | |
| Stronghold | 6 | |
| Watch Tower | 36 | |
| Fortress | 1 | |
| Beastiary | 2 | |
| Great Hall | 2 | |
| Spirit Lodge | 1 | |
59 total
» build order
00:17 Orc Burrow
00:49 Altar of Storms
00:53 Barracks
01:43 Orc Burrow
02:14 Voodoo Lounge
02:21 War Mill
02:57 Orc Burrow
04:05 Stronghold
04:05 Stronghold
05:12 Orc Burrow
06:15 Watch Tower
06:17 Watch Tower
06:48 Fortress
07:01 Watch Tower
08:03 Watch Tower
08:08 Watch Tower
10:08 Beastiary
10:09 Beastiary
10:17 Great Hall
11:08 Watch Tower
11:09 Watch Tower
11:33 Watch Tower
11:44 Watch Tower
13:36 Watch Tower
13:40 Watch Tower
14:07 Watch Tower
14:09 Watch Tower
14:12 Watch Tower
17:09 Watch Tower
17:10 Watch Tower
17:12 Watch Tower
17:42 Orc Burrow
17:51 Orc Burrow
18:57 Watch Tower
18:57 Watch Tower
18:58 Watch Tower
18:59 Watch Tower
19:00 Watch Tower
19:01 Stronghold
19:01 Stronghold
19:02 Stronghold
19:52 Watch Tower
19:52 Watch Tower
19:54 Watch Tower
20:04 Watch Tower
20:05 Watch Tower
26:19 Watch Tower
26:19 Watch Tower
26:20 Watch Tower
26:21 Watch Tower
26:23 Watch Tower
26:26 Watch Tower
26:27 Watch Tower
26:27 Watch Tower
26:28 Watch Tower
28:31 Great Hall
30:58 Spirit Lodge
34:55 War Mill
» items
| Healing Salve | 5 | |
| Periapt of Vitality | 1 | |
| Potion of Healing | 1 | |
| Potion of Mana | 1 | |
| Lesser Clarity Potion | 4 | |
| Scroll of Town Portal | 3 | |
| Potion of Lesser Invulnerability | 2 | |
| Orb of Lightning | 1 | |
| Scroll of Protection | 1 | |
19 total
powerc0ck (
blue | 19 APM | 657 actions | 34:24)
2 Blademaster
1 Wind Walk
1 Critical Strike
» actions
| Assign group hotkey | 1 | |
| Basic commands | 2 | |
| Build / train | 43 | |
| Enter build submenu | 27 | |
| Enter hero's abilities submenu | 2 | |
| Give item / drop item | 1 | |
| Remove unit from queue | 2 | |
| Right click | 336 | |
| Select / deselect | 177 | |
| Select group hotkey | 3 | |
| Use ability | 63 | |
657 total
» units
| Peon | 11 | |
| Grunt | 7 | |
| Makrura Snapper | 1 | |
| Giant Sea Turtle | 1 | |
| Demolisher | 3 | |
23 total
» upgrades
| Ranged Weapons | 0 | |
| Armor | 1 | |
| Burning Oil | 1 | |
| Reinforced Defenses | 1 | |
3 total
» buildings
| Altar of Storms | 1 | |
| Orc Burrow | 5 | |
| War Mill | 1 | |
| Voodoo Lounge | 1 | |
| Barracks | 1 | |
| Watch Tower | 18 | |
| Stronghold | 1 | |
| Fortress | 1 | |
29 total
» build order
00:15 Altar of Storms
00:21 Orc Burrow
00:58 War Mill
01:21 Voodoo Lounge
01:57 Barracks
02:16 Orc Burrow
02:44 Watch Tower
05:05 Stronghold
05:58 Orc Burrow
07:15 Watch Tower
07:45 Orc Burrow
08:19 Orc Burrow
11:26 Watch Tower
11:26 Watch Tower
11:27 Watch Tower
11:32 Fortress
11:34 Watch Tower
11:35 Watch Tower
13:17 Watch Tower
13:19 Watch Tower
13:21 Watch Tower
13:23 Watch Tower
13:25 Watch Tower
14:57 Watch Tower
14:58 Watch Tower
15:07 Watch Tower
15:08 Watch Tower
15:12 Watch Tower
15:13 Watch Tower
» items
| Healing Salve | 2 | |
| Lesser Clarity Potion | 2 | |
| Scroll of Speed | 1 | |
| Circlet of Nobility | 3 | |
| Boots of Speed | 1 | |
| Staff of Teleportation | 1 | |
10 total

»
Hitl3rsMustache (
red | 46 APM | 837 actions | 18:15)
4 Priestess of the Moon
2 Searing Arrows
2 Trueshot Aura
» actions
| Assign group hotkey | 37 | |
| Build / train | 73 | |
| Enter build submenu | 23 | |
| Enter hero's abilities submenu | 4 | |
| Remove unit from queue | 5 | |
| Right click | 391 | |
| Select / deselect | 203 | |
| Select group hotkey | 69 | |
| Use ability | 32 | |
837 total
» units
| Wisp | 16 | |
| Archer | 10 | |
| Huntress | 1 | |
| Hippogryph | 17 | |
| Chimaera | 3 | |
47 total
» upgrades
| Strength of the Moon | 1 | |
| Ultravision | 1 | |
| Strength of the Wild | 3 | |
| Hippogryph Taming | 1 | |
| Improved Bows | 1 | |
| Marksmanship | 1 | |
| Corrosive Breath | 1 | |
| Nature's Blessing | 1 | |
| Reinforced Hides | 2 | |
| Well Spring | 1 | |
13 total
» buildings
| Altar of Elders | 1 | |
| Moon Well | 8 | |
| Ancient of War | 1 | |
| Ancient of Wonders | 1 | |
| Hunter's Hall | 1 | |
| Tree of Ages | 1 | |
| Ancient Protector | 4 | |
| Ancient of Wind | 1 | |
| Tree of Eternity | 1 | |
| Chimaera Roost | 2 | |
21 total
» build order
00:31 Altar of Elders
00:37 Moon Well
01:10 Ancient of War
01:41 Moon Well
02:56 Ancient of Wonders
03:10 Hunter's Hall
03:28 Tree of Ages
04:31 Moon Well
04:33 Moon Well
04:41 Ancient Protector
05:56 Ancient of Wind
06:03 Moon Well
06:38 Moon Well
06:41 Tree of Eternity
07:48 Moon Well
08:46 Ancient Protector
09:25 Chimaera Roost
09:27 Chimaera Roost
10:16 Moon Well
17:19 Ancient Protector
17:24 Ancient Protector
» items
team 2 (loser)
Lexmas (
green | 74 APM | 1899 actions | 25:42)
7 Blademaster
3 Wind Walk
3 Critical Strike
1 Bladestorm
» actions
| Assign group hotkey | 107 | |
| Basic commands | 49 | |
| Build / train | 70 | |
| ESC pressed | 2 | |
| Enter build submenu | 31 | |
| Enter hero's abilities submenu | 7 | |
| Give item / drop item | 3 | |
| Right click | 781 | |
| Select / deselect | 352 | |
| Select group hotkey | 332 | |
| Use ability | 165 | |
1899 total
» units
| Peon | 15 | |
| Grunt | 5 | |
| Shaman | 9 | |
| Tauren | 5 | |
| Troll Witch Doctor | 2 | |
| Wind Rider | 1 | |
| Troll Batrider | 2 | |
39 total
» upgrades
| Shaman Training | 2 | |
| Reinforced Defenses | 1 | |
| Pulverize | 1 | |
| Witch Doctor Training | 2 | |
6 total
» buildings
| Altar of Storms | 1 | |
| Orc Burrow | 5 | |
| Barracks | 1 | |
| Voodoo Lounge | 1 | |
| Stronghold | 3 | |
| War Mill | 1 | |
| Fortress | 1 | |
| Spirit Lodge | 2 | |
| Tauren Totem | 2 | |
| Watch Tower | 14 | |
| Great Hall | 1 | |
| Beastiary | 2 | |
34 total
» build order
00:06 Altar of Storms
00:17 Orc Burrow
00:36 Barracks
01:31 Orc Burrow
02:01 Voodoo Lounge
03:21 Stronghold
03:21 Stronghold
03:21 Stronghold
04:29 War Mill
05:43 Fortress
05:47 Spirit Lodge
05:49 Spirit Lodge
06:40 Orc Burrow
07:47 Orc Burrow
08:10 Tauren Totem
08:13 Tauren Totem
11:36 Orc Burrow
13:47 Watch Tower
14:56 Watch Tower
16:03 Watch Tower
16:30 Great Hall
16:32 Watch Tower
16:34 Watch Tower
17:10 Watch Tower
18:15 Watch Tower
19:23 Beastiary
20:06 Watch Tower
20:21 Beastiary
21:45 Watch Tower
21:45 Watch Tower
24:26 Watch Tower
24:28 Watch Tower
24:33 Watch Tower
24:35 Watch Tower
» items
| Healing Salve | 8 | |
| Dust of Appearance | 1 | |
| Orb of Lightning | 1 | |
| Scroll of Town Portal | 1 | |
| Potion of Healing | 1 | |
12 total
asdfkjasjkf (
teal | 151 APM | 3026 actions | 20:02)
6 Archmage
3 Summon Water Elemental
2 Brilliance Aura
1 Blizzard
4 Blood Mage
2 Siphon Mana
2 Banish
» actions
| Assign group hotkey | 60 | |
| Basic commands | 178 | |
| Build / train | 68 | |
| ESC pressed | 2 | |
| Enter build submenu | 21 | |
| Enter hero's abilities submenu | 11 | |
| Give item / drop item | 6 | |
| Remove unit from queue | 2 | |
| Right click | 596 | |
| Select / deselect | 796 | |
| Select group hotkey | 1194 | |
| Use ability | 92 | |
3026 total
» units
| Peasant | 8 | |
| Footman | 5 | |
| Priest | 3 | |
| Sorceress | 8 | |
| Spell Breaker | 6 | |
30 total
» upgrades
| Priest Training | 1 | |
| Sorceress Training | 1 | |
| Swords | 2 | |
| Magic Sentry | 1 | |
5 total
» buildings
| Altar of Kings | 1 | |
| Farm | 12 | |
| Barracks | 1 | |
| Scout Tower | 2 | |
| Keep | 2 | |
| Arcane Vault | 1 | |
| Arcane Tower | 2 | |
| Arcane Sanctum | 2 | |
| Blacksmith | 1 | |
| Castle | 2 | |
| Lumber Mill | 1 | |
27 total
» build order
00:07 Altar of Kings
00:19 Farm
00:21 Barracks
00:49 Farm
01:47 Farm
01:56 Scout Tower
02:42 Keep
03:09 Arcane Vault
03:11 Arcane Tower
03:32 Farm
05:08 Arcane Sanctum
05:11 Arcane Sanctum
05:25 Farm
05:28 Farm
06:46 Farm
07:27 Farm
09:55 Farm
11:01 Farm
11:59 Farm
12:01 Blacksmith
12:36 Farm
16:45 Castle
18:09 Scout Tower
18:11 Lumber Mill
» items
| Scroll of Regeneration | 1 | |
| Tome of Retraining | 1 | |
| Scroll of Healing | 1 | |
| Scroll of Town Portal | 1 | |
4 total
GUARDIAN-4-EVER (
purple | 60 APM | 2139 actions | 35:53)
6 Blademaster
3 Wind Walk
2 Critical Strike
1 Bladestorm
» actions
| Assign group hotkey | 36 | |
| Basic commands | 181 | |
| Build / train | 52 | |
| Enter build submenu | 17 | |
| Enter hero's abilities submenu | 6 | |
| Give item / drop item | 4 | |
| Remove unit from queue | 1 | |
| Right click | 847 | |
| Select / deselect | 234 | |
| Select group hotkey | 681 | |
| Use ability | 80 | |
2139 total
» units
» upgrades
| Ranged Weapons | 2 | |
| Armor | 2 | |
| Reinforced Defenses | 1 | |
| Envenomed Spears | 1 | |
6 total
» buildings
| Altar of Storms | 1 | |
| Orc Burrow | 6 | |
| War Mill | 1 | |
| Voodoo Lounge | 1 | |
| Stronghold | 2 | |
| Beastiary | 3 | |
| Fortress | 2 | |
| Great Hall | 1 | |
| Watch Tower | 13 | |
| Spirit Lodge | 1 | |
31 total
» build order
00:13 Altar of Storms
00:20 Orc Burrow
00:40 War Mill
01:06 Voodoo Lounge
02:18 Stronghold
02:18 Stronghold
02:30 Orc Burrow
02:31 Orc Burrow
02:32 Orc Burrow
04:59 Beastiary
04:59 Beastiary
05:23 Fortress
09:40 Great Hall
09:43 Watch Tower
09:43 Watch Tower
10:52 Watch Tower
10:53 Watch Tower
11:00 Watch Tower
11:13 Beastiary
11:18 Orc Burrow
11:59 Watch Tower
12:13 Watch Tower
13:24 Watch Tower
13:24 Watch Tower
13:25 Watch Tower
13:27 Watch Tower
13:27 Watch Tower
13:27 Watch Tower
14:01 Orc Burrow
30:59 Spirit Lodge
» items
| Healing Salve | 3 | |
| Boots of Speed | 1 | |
| Staff of Teleportation | 1 | |
| Potion of Lesser Invulnerability | 1 | |
| Orb of Lightning | 1 | |
7 total
Swagapino (
pink | 27 APM | 850 actions | 31:27)
4 Demon Hunter
2 Mana Burn
2 Evasion
3 Priestess of the Moon
2 Trueshot Aura
1 Scout
» actions
| Assign group hotkey | 23 | |
| Basic commands | 29 | |
| Build / train | 40 | |
| Enter build submenu | 18 | |
| Enter hero's abilities submenu | 7 | |
| Give item / drop item | 2 | |
| Remove unit from queue | 2 | |
| Right click | 420 | |
| Select / deselect | 202 | |
| Select group hotkey | 74 | |
| Use ability | 32 | |
850 total
» units
| Wisp | 9 | |
| Huntress | 4 | |
| Chimaera | 6 | |
| Hippogryph | 5 | |
24 total
» upgrades
| Strength of the Wild | 2 | |
| Corrosive Breath | 1 | |
3 total
» buildings
| Altar of Elders | 1 | |
| Moon Well | 9 | |
| Hunter's Hall | 1 | |
| Ancient of War | 1 | |
| Tree of Ages | 1 | |
| Tree of Eternity | 1 | |
| Ancient of Wind | 2 | |
| Chimaera Roost | 4 | |
20 total
» build order
00:11 Altar of Elders
00:19 Moon Well
01:30 Hunter's Hall
01:48 Ancient of War
02:13 Moon Well
04:02 Tree of Ages
06:11 Moon Well
06:13 Moon Well
06:16 Moon Well
06:40 Tree of Eternity
09:25 Ancient of Wind
09:32 Moon Well
09:33 Moon Well
10:41 Chimaera Roost
10:43 Chimaera Roost
10:44 Chimaera Roost
10:46 Chimaera Roost
12:54 Ancient of Wind
12:58 Moon Well
13:07 Moon Well
Chat log
(00:06 / All) orking3: high ELL game
(00:08 / All) GUARDIAN-4-EVER: fucking level 1 night or something
(00:11 / All) orking3: so I can trust you guys all know how to play
(00:17 / Allies) Hitl3rsMustache: always
(00:20 / Allies) Hitl3rsMustache: units
(00:22 / Allies) orking3: yeah
(00:24 / Allies) orking3: always make units
(00:25 / Allies) orking3: guys
(00:49 / Allies) Hitl3rsMustache: i got arch to hipps chims
(00:53 / Allies) Hitl3rsMustache: rush or no
(01:05 / Allies) orking3: no
(01:13 / Allies) Hitl3rsMustache: kk
(06:30 / Allies) Hitl3rsMustache: get him
(07:45 / Allies) orking3: didn't need you leeching my xp yellow
(08:22 / Allies) i-am-here-now: Meh.clicked on it beforeyou were there. So... don't give a shit
(08:26 / Allies) orking3: lol ok
(08:28 / Allies) orking3: dumbass
(08:33 / Allies) i-am-here-now: Yeo
(09:59 / Allies) Hitl3rsMustache: meet
(10:42 / Allies) orking3: don't lure them to that expo
(10:55 / Allies) Hitl3rsMustache: fuck
(10:57 / Allies) Hitl3rsMustache: need melee guys
(11:05 / Allies) Hitl3rsMustache: chims comin
(11:09 / Allies) Hitl3rsMustache: wood me
(11:29 / Allies) Hitl3rsMustache: ty
(11:51 / Allies) Hitl3rsMustache: come all
(12:31 / Allies) Hitl3rsMustache: come
(12:32 / Allies) Hitl3rsMustache: wtf
(12:33 / Allies) Hitl3rsMustache: meet uip
(13:09 / Allies) Hitl3rsMustache: kill the breakers
(13:31 / Allies) Hitl3rsMustache: gold me
(13:41 / Allies) Hitl3rsMustache: go
(13:50 / Allies) Hitl3rsMustache: make shit blue
(13:52 / Allies) Hitl3rsMustache: use resources
(13:59 / Allies) powerc0ck: man u aint my dad
(14:57 / Allies) Hitl3rsMustache: we are fucked
(15:00 / Allies) orking3: so many chims
(15:01 / Allies) Hitl3rsMustache: blue is afk
(15:03 / Allies) Hitl3rsMustache: and sucking dick
(15:22 / Allies) powerc0ck: ill admit im eating a sandwich
(16:01 / All) Hitl3rsMustache: team sucked dick
(16:02 / All) Hitl3rsMustache: gg
(16:02 / Allies) orking3: I'll make pink tp
(16:04 / Allies) orking3: it's not over yet
(16:06 / Allies) orking3: you big baby
(16:07 / Allies) orking3: don't leave
(16:13 / Allies) Hitl3rsMustache: its over
(16:14 / All) powerc0ck: red is noob lol gg
(16:19 / Allies) Hitl3rsMustache: no one has an army
(16:23 / Allies) orking3: I do
(16:26 / Allies) orking3: you don't
(16:32 / Allies) Hitl3rsMustache: where
(16:39 / Allies) Hitl3rsMustache: cuz it died cuz yall dont have shit
(16:41 / Allies) orking3: what've you done all game, I'm hitting pink
(16:44 / All) GUARDIAN-4-EVER: pink is tking
(16:52 / All) orking3: fuck, he is?
(17:27 / All) orking3: I got pink for you purple
(17:30 / All) orking3: killed the bser
(17:32 / Allies) orking3: Wood me
(17:33 / Allies) orking3: if you can
(17:35 / Allies) orking3: I need wood
(18:00 / All) Lexmas: why is this game so full of tks and idiots?
(18:12 / All) orking3: dunno, ask yourself why you're playing
(18:25 / Allies) orking3: ty
(18:55 / All) Lexmas: because I like this game
(18:57 / All) Lexmas: that is why
(19:04 / All) orking3: yeah
(19:06 / All) orking3: but you're an idiot
(19:14 / All) Lexmas: why?
(19:17 / All) orking3: so why do idiots play?
(19:20 / All) orking3: guess you figured it out
(19:22 / All) orking3: they like the game
(21:02 / All) GUARDIAN-4-EVER: teal and green were such try hards
(21:40 / All) orking3: damn does your team even have any shit left for me to kill?
(21:51 / All) GUARDIAN-4-EVER: poor green
(21:55 / All) GUARDIAN-4-EVER: angry he isnt america
(21:59 / All) orking3: let me kill green at least
(22:06 / All) orking3: kill his towers though
(22:07 / All) orking3: if you want
(23:11 / All) GUARDIAN-4-EVER: out green
(23:12 / All) GUARDIAN-4-EVER: out
(24:49 / All) GUARDIAN-4-EVER: mad
(24:53 / All) GUARDIAN-4-EVER: purple #1
(24:56 / All) GUARDIAN-4-EVER: america #1
(25:19 / All) GUARDIAN-4-EVER: no u
(26:37 / Allies) orking3: rude of you to take that expo without asking, yellow
(26:55 / Allies) i-am-here-now: My apologies
(27:17 / Allies) i-am-here-now: Allow me to cancel
(27:24 / Allies) i-am-here-now: oops
(27:26 / Allies) orking3: you didn't cancel
(27:27 / Allies) i-am-here-now: my bad
(27:30 / Allies) orking3: so I can't say I allow it
(27:40 / Allies) orking3: I already sent my workers there yellow
(27:42 / Allies) i-am-here-now: Meh. okay\
(27:45 / Allies) i-am-here-now: My bad
(27:58 / Allies) orking3: Yeah
(27:59 / Allies) orking3: it is
(28:02 / Allies) orking3: now you have to lose the game
(28:03 / Allies) orking3: how about that?
(28:09 / Allies) orking3: you steal my XP earlier
(28:11 / All) i-am-here-now: Haaha!!!
(28:11 / Allies) orking3: and now you steal my expo!
(28:23 / Allies) i-am-here-now: I bloodlust your men to kill mine
(28:50 / Allies) i-am-here-now: No biggy
(28:55 / Allies) orking3: You lose buddy
(28:57 / Allies) orking3: GTFO
(29:04 / Allies) i-am-here-now: I'm a traditionalist
(29:38 / Allies) orking3: I can tell it's tradition for you to lose when you're 53-41
(30:00 / Allies) i-am-here-now: When I don't fight my own team back, yes
(30:06 / All) orking3: Standoff yellow vs pink?
(30:09 / All) orking3: think they'll stay?
(30:13 / Allies) i-am-here-now: Hahaha
(30:14 / All) orking3: Yellow
(30:17 / All) orking3: Blue, purple and I were in this together
(30:23 / All) orking3: We're going to kill all of our units
(30:29 / All) orking3: and there'll be no way to finish the other team
(30:34 / All) GUARDIAN-4-EVER: WE should do something different
(30:37 / All) orking3: so the last person to leave will leave victorious
(30:38 / All) orking3: sound fair?
(30:40 / All) orking3: like what?
(30:42 / All) GUARDIAN-4-EVER: like make a spirit walker and surround it with 5 towers
(30:49 / All) orking3: lawl
(31:03 / All) orking3: what's the point of that
(31:33 / All) orking3: Bad luck for you yellow
(31:34 / All) orking3: You lose
(31:44 / All) i-am-here-now: Yep. totes
(32:00 / All) i-am-here-now: I'll lose soon enough
(32:34 / All) orking3: uneventful third game I'm more tired so I didn't have the same energy to put into it either
(32:39 / All) orking3: but our other two games tonight were great
(33:18 / All) i-am-here-now: And yet, It's somewhat impressive how rapidly you can catabolise yourself.
(33:28 / All) GUARDIAN-4-EVER: wa
(33:30 / All) GUARDIAN-4-EVER: t
(33:57 / All) orking3: I don't think catabolise is the word you're looking for
(34:04 / All) orking3: I'm not breaking anything down into simpler structures
(34:17 / All) orking3: there's no organisms being reduced to simpler ones
(34:21 / All) orking3: just some wc3 shit being destroyed
(34:46 / All) i-am-here-now: Congrats on knowing one definition
(34:51 / All) orking3: that's the only definition lol
(34:57 / All) i-am-here-now: Indeed
(35:08 / All) orking3: do you browse reddit
(35:13 / All) orking3: you seem like someone who would browse reddit
(35:13 / All) i-am-here-now: Nope
(35:24 / All) orking3: since you seem like an idiot who thinks they're smarter than they are
(35:27 / All) orking3: with your snarky attitude all game
(35:38 / All) orking3: Anything to say for yourself before I end it?
(35:38 / All) i-am-here-now: I think I got on it a few years ago
(35:42 / All) i-am-here-now: hahaha
(35:48 / All) i-am-here-now: I'm a dumbass
(35:51 / All) orking3: yeah lol